 Dungeon Crawl Stone Soup version 0.31-a0-202-g547052bce9 (webtiles) character file.

Game seed: 17547112155309540369

90 qw the Shooter (level 4, -15/25 HPs)
             Began as a Deep Elf Hunter on June 26, 2023.
             Demolished by an orc
             ... wielding a +2 dagger of electrocution
              (17 damage)
             ... on level 3 of the Dungeon.
             The game lasted 00:00:35 (1638 turns).

qw the Shooter (Deep Elf Hunter)                    Turns: 1638, Time: 00:00:35

Health: -15/25     AC:  6    Str: 10    XL:     4   Next: 32%
Magic:  6/6        EV:  9    Int: 14    God:
Gold:   117        SH:  0    Dex: 18    Spells: 3/3 levels left

rFire   . . .        Y - +0 shortbow
rCold   . . .        (shield currently unavailable)
rNeg    . . .        h - +0 scale mail
rPois   .            (no helmet)
rElec   .            (no cloak)
rCorr   +            (no gloves)
SInv    .            (no boots)
Will    .....        (no amulet)
Stlth   +            d - ring of resist corrosion
HPRegen 0.24/turn    (no ring)
MPRegen 0.10/turn

%: no passive effects
@: no status effects
A: no striking features
a: no special abilities


You were on level 3 of the Dungeon.
You visited 1 branch of the dungeon, and saw 3 of its levels.

You collected 117 gold pieces.


   Skills:
 - Level 1.5 Fighting
 + Level 7.7 Ranged Weapons
 - Level 2.4 Dodging
 - Level 1.2 Stealth


You had 3 spell levels left.
You didn't know any spells.
Your spell library was empty.

Inventory:

Hand Weapons
 Y - a +0 shortbow (weapon)
Armour
 h - a +0 scale mail (worn)
Jewellery
 d - a ring of resist corrosion (left hand)
Potions
 a - a potion of lignification {unknown}
 e - a potion of enlightenment {unknown}
 f - a potion of magic {unknown}
 g - a potion of might {unknown}

Dungeon Overview and Level Annotations

Branches:
Dungeon (3/15)

Altars:


Message History

There is an open door here.
There is a stone staircase leading down here.
You climb downwards.
Found an escape hatch in the floor.
There is a stone staircase leading up here.
Waypoint 2 assigned to D:3.
Found a stone staircase leading down.
An orc wizard comes into view. It is wielding a +0 dagger.
The orc wizard shouts!
You shoot an arrow. The arrow hits the orc wizard.
The orc wizard is heavily wounded.
You hear a shout!
An orc comes into view. It is wielding a +0 mace.
You hear a shout! x2
You shoot an arrow. The arrow hits the orc wizard.
The orc wizard is almost dead.
You hear a shout!
You shoot an arrow. The arrow hits the orc wizard.
You kill the orc wizard!
An orc comes into view.
It is wielding a +2 dagger of electrocution.
An orc comes into view. It is wielding a +0 club.
The orc barely misses you.
You have reached level 4!
You feel clever.
You shoot an arrow. The arrow hits the orc!
You kill the orc!
An orc comes into view. It is wielding a +0 club.
You shoot an arrow. The arrow closely misses the orc.
You shoot an arrow.
The arrow hits the orc but does no damage.
The orc hits you with a +0 club. The orc closely misses you.
An orc comes into view. It is wielding a +0 dagger.
The orc hits you with a +2 dagger of electrocution.
You are electrocuted!!
Ouch! That really hurt!
You shoot an arrow. The arrow closely misses the orc.
The orc hits you but does no damage.
The orc hits you with a +2 dagger of electrocution.
You are electrocuted!
Ouch! That really hurt!
You die...

###############
#.............#
#.###########.#
#.######## #.#
#.#>....>####.#
#.#.#.........#
#...#.##.######
###.#.#....@.#
#.#.#.###oo#
#.#.#<# ##o#
#.#.### o#
#.... .. ###.
.#. .#.# .. .


You could see 4 orcs.

Vanquished Creatures
  An orc wizard (D:3)
  2 adders (D:2)
  An orc (D:3)
  7 bats
  4 endoplasms
  3 giant cockroaches (D:1)
  2 goblins (D:1)
  5 hobgoblins
  4 kobolds
  3 quokkas (D:1)
  5 ball pythons
  4 frilled lizards
  5 rats
46 creatures vanquished.

Notes
Turn   | Place    | Note
-------+----------+-------------------------------------------
     0 | D:1      | qw the Deep Elf Hunter began the quest for the Orb.
     0 | D:1      | Reached XP level 1. HP: 12/12 MP: 3/3
     0 | D:1      | 0 ||| qw: Version: 0.3-a-22-g0ed2b0b
     0 | D:1      | 0 ||| qw: Game counter: 6067
     0 | D:1      | 0 ||| qw: Melee chars always use a shield: true
     0 | D:1      | 0 ||| qw: God list: Okawaru
     0 | D:1      | 0 ||| qw: Allow faded altars: false
     0 | D:1      | 0 ||| qw: Do Orc after clearing Dungeon:15 true
     0 | D:1      | 0 ||| qw: Do second Lair branch before Depths: true
     0 | D:1      | 0 ||| qw: Lair rune preference: random
     0 | D:1      | 0 ||| qw: Goals: Normal
     0 | D:1      | 0 ||| PLANNING D:1-11
   127 | D:1      | Reached XP level 2. HP: 16/16 MP: 4/4
   142 | D:1      | Reached skill level 6 in Ranged Weapons
   695 | D:1      | Found a faded altar of an unknown god.
   744 | D:1      | Reached XP level 3. HP: 20/20 MP: 5/5
   897 | D:1      | 897 ||| READING scroll labelled VEUFAG PELIKOSM.
   898 | D:1      | 898 ||| READING scroll labelled OXIHIR SUHI OGREORCH.
   899 | D:1      | 899 ||| DROPPING scroll of butterflies.
  1036 | D:2      | Reached skill level 7 in Ranged Weapons
  1524 | D:2      | 1524 ||| UPGRADING to +0 scale mail.
  1534 | D:2      | 1534 ||| DROPPING +0 leather armour.
  1535 | D:2      | 1535 ||| UPGRADING to ring of resist corrosion.
  1536 | D:2      | 1536 ||| READING scroll labelled ITIYMNAWKE.
  1537 | D:2      | 1537 ||| READING scroll labelled MASTOANILI.
  1635 | D:3      | Reached XP level 4. HP: 25/25 MP: 6/6
  1637 | D:3      | HP: 3/25 [orc/+2 dagger of electrocution (18)]
  1638 | D:3      | Demolished by an orc

Levels and vault maps discovered:
D:1:      reono_arrival_forest_river, layout_basic,
          shapermc_ecumenical_altar_mp_vishouse, serial_corexii_hall,
          corexii_hall_statues_l, corexii_hall_statues_t, hangedman_decor_lopped
D:2:      layout_basic
D:3:      layout_basic, cheibrodos_ashenzari_chains, minivault_23

Skill      XL: |  1  2  3 |
---------------+----------+-----
Ranged Weapons | 6 7 |  7.7
Fighting       | |  1.5
Dodging        | |  2.4
Stealth        | |  1.2

Action                     |  1- 3 |  4- 6 || total
---------------------------+-------+-------++-------
   Fire: Shortbow          |   129 |     4 ||   133
    Use: Scroll            |     4 |       ||     4
 Armour: Leather armour    |    10 |       ||    10
         Scale mail        |       |     1 ||     1
  Dodge: Dodged            |    26 |     1 ||    27

Table legend:
 A = Non-vault XP
 B = Vault XP
 C = Vault XP percentage of total XP
 D = Non-vault monster count
 E = Vault monster count
 F = Vault count percentage of total count
                 A         B        C        D         E       F
            +---------+---------+-------+---------+---------+-------
      Total |     129 |       0 |   0.0 |      46 |       0 |   0.0
            +---------+---------+-------+---------+---------+-------
        D:1 |      45 |       0 |   0.0 |      27 |       0 |   0.0
        D:2 |      48 |       0 |   0.0 |      17 |       0 |   0.0
        D:3 |      36 |       0 |   0.0 |       2 |       0 |   0.0
            +---------+---------+-------+---------+---------+-------
